 Dungeon Crawl Stone Soup version 0.31-a0-408-gb642c7f9a3 (webtiles) character file.

Game seed: 9948514914479521626

169 horus123 the Magician (level 5, -3/28 HPs)
             Began as a Deep Elf Air Elementalist on July 30, 2023.
             Slain by a black bear (6 damage)
             ... on level 5 of the Dungeon.
             The game lasted 00:09:35 (3593 turns).

horus123 the Magician (Deep Elf Air Elementalist)   Turns: 3593, Time: 00:09:36

Health: -3/28      AC:  5    Str:  5    XL:     5   Next: 25%
Magic:  11/15      EV: 12    Int: 22    God:
Gold:   175        SH:  5    Dex: 15    Spells: 2/15 levels left

rFire   . . .        (no weapon)
rCold   . . .        (no shield)
rNeg    . . .        a - +0 robe
rPois   .            j - +0 helmet
rElec   .            n - +0 cloak
rCorr   .            m - +0 pair of gloves
SInv    .            (no boots)
Will    .....        q - amulet of reflection
Stlth   ++           (no ring)
HPRegen 0.24/turn    (no ring)
MPRegen 0.14/turn

%: reflection
@: no status effects
A: no striking features
a: no special abilities


You were on level 5 of the Dungeon.
You visited 1 branch of the dungeon, and saw 5 of its levels.

You collected 175 gold pieces.

Inventory:

Hand Weapons
 r - a +2 trident of freezing
Armour
 a - a +0 robe (worn)
 j - a +0 helmet (worn)
 m - a +0 pair of gloves (worn)
 n - a +0 cloak (worn)
Jewellery
 p - an amulet of the acrobat
 q - an amulet of reflection (around neck)
 t - a +5 ring of evasion
Scrolls
 d - 2 scrolls of enchant weapon {unknown}
 g - 2 scrolls of poison {unknown}
 h - 2 scrolls of teleportation {unknown}
 k - 6 scrolls of identify {unknown}
 l - 2 scrolls of enchant armour {unknown}
 s - a scroll of immolation {unknown}
Potions
 b - a potion of magic
 c - a potion of heal wounds {unknown}
 e - 2 potions of lignification {unknown}
 f - a potion of mutation {unknown}
 i - a potion of haste {unknown}
 o - a potion of attraction {unknown}


   Skills:
 - Level 2.4 Dodging
 - Level 2.4 Stealth
 + Level 5.9 Spellcasting
 - Level 3.0 Conjurations
 - Level 2.0 Translocations
 - Level 3.0 Air Magic


You had 2 spell levels left.
You knew the following spells:

 Your Spells              Type           Power      Damage    Failure   Level
a - Shock                 Conj/Air       76%        1d7       2%          1
b - Momentum Strike       Conj/Tloc      34%        3d8       4%          2
c - Blink                 Tloc           30%        N/A       6%          2
d - Inner Flame           Hex/Fire       6%         N/A       28%         3
e - Yara's Violent Unrav  Hex/Tmut       3%         3d4       95%         5

Your spell library contained the following spells:

 Spells                   Type           Power      Damage    Failure   Level
 Static Discharge         Conj/Air       38%        2-4/arc   4%          2
 Lesser Beckoning         Tloc           30%        N/A       6%          2
 Swiftness                Air            19%        N/A       9%          3
 Airstrike                Air            9%         2d(2-18)  26%         4
 Manifold Assault         Tloc           15%        N/A       38%         4
 Enfeeble                 Hex            3%         N/A       100%        7


Dungeon Overview and Level Annotations

Branches:
Dungeon (5/15)
 Temple: D:4-7

Altars:
Trog


Message History

Confirm with . or Enter, or press ? or * to list all spells.
You blink.
A gnoll comes into view. It is wielding a +0 club.
Found 9 gold pieces.
The black bear bites you but does no damage.
The black bear claws you but does no damage.
The black bear barely misses you.
Casting: Blink (safe; 6% risk of failure)
Confirm with . or Enter, or press ? or * to list all spells.
You are still too unstable to blink.
Unknown command.
Okay, then.
Really attack while wielding nothing? [Y]es or [N]o only, please.
Really attack while wielding nothing?
Okay, then.
Found 13 gold pieces.
Found a thick glowing staff.
The black bear attacks as you move away!
The black bear closely misses you. You block the black bear's attack.
The black bear barely misses you.
Found a stone staircase leading up.
The black bear attacks as you move away!
The black bear bites you.
* * * LOW HITPOINT WARNING * * *
The black bear claws you but does no damage.
You block the black bear's attack.
You feel stable enough to blink again.
The hound barks!
The black bear attacks as you move away!
You block the black bear's attack. The black bear barely misses you.
The black bear claws you but does no damage.
Found an orcbow.
The black bear attacks as you move away!
You block the black bear's attack. The black bear claws you.
* * * LOW HITPOINT WARNING * * *
The black bear closely misses you.
The gnoll shouts!
The black bear attacks as you move away!
The black bear bites you.
You die...

#....... ...
#......g.....#.
#[...g.......).
#..... .......
#...##.......
#......=)....
###............
##....<.........
#.....##@.......
##......h.....#.
#######...#h....#.##
........###....## ..
#...........#......
.
#.8....8..#.#.......
.......$............
.###.$###...........
.≈.. ##..........


You could see a black bear, a hound and a gnoll.

Vanquished Creatures
  A hound (D:4)
  5 adders
  4 dart slugs
  4 orcs
  7 endoplasms
  4 giant cockroaches
  6 goblins
  5 hobgoblins
  8 jackals
  4 quokkas
  7 ball pythons
  7 bats
  4 frilled lizards
  6 kobolds
  8 rats
80 creatures vanquished.

Notes
Turn   | Place    | Note
-------+----------+-------------------------------------------
     0 | D:1      | horus123 the Deep Elf Air Elementalist began the quest for
                  | the Orb.
     0 | D:1      | Reached XP level 1. HP: 10/10 MP: 6/6
   263 | D:1      | Reached skill level 4 in Spellcasting
   263 | D:1      | Reached XP level 2. HP: 15/15 MP: 0/9
   584 | D:1      | Found a faded altar of an unknown god.
   807 | D:1      | Learned a level 2 spell: Momentum Strike
  1208 | D:2      | Reached XP level 3. HP: 14/19 MP: 3/10
  1295 | D:2      | Learned a level 2 spell: Blink
  1640 | D:2      | Reached skill level 1 in Translocations
  1760 | D:2      | Found a bloodstained altar of Trog.
  2147 | D:3      | Reached XP level 4. HP: 24/24 MP: 8/12
  2868 | D:4      | Reached skill level 5 in Spellcasting
  3011 | D:4      | Noticed a black bear
  3187 | D:4      | Reached XP level 5. HP: 22/28 MP: 5/15
  3482 | D:4      | Learned a level 3 spell: Inner Flame
  3488 | D:4      | Learned a level 5 spell: Yara's Violent Unravelling
  3581 | D:5      | Entered Level 5 of the Dungeon
  3593 | D:5      | Slain by a black bear

Illustrated notes

Levels and vault maps discovered:
D:1:      dpeg_arrival_windows_large_door, layout_loops_ring,
          hellmonk_ecumenical_altar_pennies_from_heaven
D:2:      layout_basic, basic_altar
D:3:      layout_rooms, uniq_crazy_yiuf_cottage
D:4:      corexii_shantytown, layout_basic
D:5:      layout_cave_pools, serial_gnoll_camp, gnoll_camp_mini_house,
          gnoll_camp_mini_hut, gnoll_camp_huts_basic, gnoll_camp_medium_01,
          gnoll_camp_mini_hut, grums_kennel

Skill      XL: |  1  2  3  4 |
---------------+-------------+-----
Spellcasting   | 4 5 |  5.9
Conjurations   | 2 3 |  3.0
Translocations | 1 2 |  2.0
Dodging        | |  2.4
Stealth        | |  2.4
Air Magic      | |  3.0

Action                     |  1- 3 |  4- 6 || total
---------------------------+-------+-------++-------
   Cast: Shock             |    90 |    75 ||   165
         Momentum Strike   |       |     2 ||     2
         Blink             |       |     2 ||     2
 Armour: Robe              |     2 |    12 ||    14
  Dodge: Dodged            |     3 |    34 ||    37
  Block: Other             |       |    13 ||    13

Table legend: (Time is in decaauts)
 A = Elapsed time spent in this place.
 B = Non-inter-level travel time spent in this place.
 C = Inter-level travel time spent in this place.
 D = Time resting spent in this place.
 E = Time spent auto-exploring this place.
 F = Levels seen in this place.
 G = Mean time per level.
                   A        B        C        D        E       F      G
               +--------+--------+--------+--------+--------+-----+--------+
         Total |   3595 |   3552 |     43 |    482 |   2577 |   5 |  719.0 |
       Dungeon |   3595 |   3552 |     43 |    482 |   2577 |   5 |  719.0 |
               +--------+--------+--------+--------+--------+-----+--------+

Top non-repeatable levels by time:
     D:1: 1161 daAuts
     D:2: 988 daAuts
     D:4: 753 daAuts
     D:3: 680 daAuts
     D:5: 11 daAuts
